 Dungeon Crawl Stone Soup version 0.20.1-1-g8b1a95d (webtiles) character file.

12931 dvd the Impaler (level 12, -22/97 HPs)
             Began as a Merfolk Gladiator on Aug 30, 2017.
             Was a High Priest of Okawaru.
             Killed from afar by Sonja (30 damage)
             ... with a wand of lightning (?/15)
             ... on level 2 of the Lair of Beasts.
             The game lasted 00:42:24 (12291 turns).

dvd the Impaler (Merfolk Gladiator)                Turns: 12291, Time: 00:42:24

Health: -22/97     AC: 17    Str: 16    XL:     12   Next: 0%
Magic:  13/14      EV: 11    Int: 10    God:    Okawaru [*****.]
Gold:   597        SH:  0    Dex: 23    Spells: 11/12 levels left

rFire    . . .     SeeInvis .   a - +1 trident
rCold    + . .     Gourm    .   (no shield)
rNeg     . . .     Faith    .   V - +6 chain mail "Ajol" {*Contam *Slow MR+ Dex+7}
rPois    .         Spirit   .   c - +0 helmet
rElec    .         Reflect  .   (no cloak)
rCorr    .         Harm     .   h - +0 pair of gloves
MR       +....                  H - +0 pair of boots {Stlth+}
Stlth    +.........             O - amulet of magic regeneration
Regen    0.3/turn               s - ring of protection from cold
MPRegen  0.3/turn               m - +2 ring of evasion

@: hasted, very heavily drained, very quick
A: change form in water, swift swim, stealthy swim
a: Heroism, Finesse, Renounce Religion


You were on level 2 of the Lair of Beasts.
You worshipped Okawaru.
Okawaru was extremely pleased with you.
You were not hungry.

You visited 2 branches of the dungeon, and saw 13 of its levels.
You also visited: Ossuary.

You collected 597 gold pieces.

Inventory:

Hand Weapons
 a - a +1 trident (weapon)
 w - a +0 hunting sling of flaming
 B - a +0 bardiche
 N - the +0 whip "Degeimaw" {slash, rC+ MR- Str+2 Int+8}
   (You found it on level 7 of the Dungeon)

   It inflicts extra damage upon your enemies.
   It affects your strength (+2).
   It affects your intelligence (+8).
   It protects you from cold.
   It affects your resistance to hostile enchantments.
 S - a +2 executioner's axe of chopping
Armour
 c - a +0 helmet (worn)
 h - a +0 pair of gloves (worn)
 y - a +3 leather armour of magic resistance
 D - a +0 troll leather armour
 H - a +0 pair of boots of stealth (worn)
 K - a +2 crystal plate armour
 M - a +1 leather armour of cold resistance
 V - the +6 chain mail "Ajol" (worn) {*Contam *Slow MR+ Dex+7}
   (You found it on level 1 of the Lair of Beasts)

   It affects your dexterity (+7).
   It affects your resistance to hostile enchantments.
   It causes magical contamination when unequipped.
   It may slow you when you take damage.
Jewellery
 g - an uncursed ring of positive energy
 m - a +2 ring of evasion (right hand)
 s - a ring of protection from cold (left hand)
 x - an uncursed ring of fire
 F - an uncursed ring of ice
 O - an amulet of magic regeneration (around neck)
 W - a +3 ring of dexterity {unknown}
Wands
 d - a wand of disintegration (10/24)
 t - a wand of clouds (6/9)
 C - a wand of clouds (8/9)
 G - a wand of enslavement (4/24)
 L - a wand of polymorph (6/24)
Scrolls
 e - 3 scrolls of enchant weapon
 i - 5 scrolls of enchant armour
 j - 11 scrolls of identify
 l - 6 scrolls of remove curse
 n - 5 scrolls of teleportation
 o - 2 scrolls of magic mapping
 q - a scroll of recharging
 u - 3 scrolls of amnesia
 z - a scroll of fear
Potions
 b - 4 potions of ambrosia
 p - a potion of haste
 r - 2 potions of brilliance
 v - 2 potions of resistance
 A - 2 potions of mutation
 I - a potion of heal wounds
 R - a potion of curing
 X - a potion of magic
Books
 J - a book of Enchantments

   Spells                             Type                      Level
   a - Cause Fear                     Hexes                        4
   b - Yara's Violent Unravelling     Hexes/Transmutation          5
   c - Silence                        Hexes/Air                    5
   d - Deflect Missiles               Charms/Air                   6
   e - Discord                        Hexes                        8
 Q - a book of Conjurations

   Spells                             Type                      Level
   a - Magic Dart                     Conjuration                  1
   b - Searing Ray                    Conjuration                  2
   c - Dazzling Spray                 Conjuration/Hexes            3
   d - Fulminant Prism                Conjuration/Hexes            4
   e - Force Lance                    Conjuration/Translocation    4
   f - Iskenderun's Mystic Blast      Conjuration                  4
Comestibles
 f - 9 bread rations
 k - 6 meat rations
 E - 10 royal jellies


   Skills:
 + Level 10.1(5.1) Fighting
 + Level 16.0(10.3) Polearms
 + Level 2.0(0.0) Throwing
 + Level 3.7(0.0) Armour
 + Level 10.1(5.2) Dodging
 + Level 8.6(3.8) Stealth
 + Level 0.5(0.0) Spellcasting
 + Level 0.1(0.0) Conjurations
 + Level 3.2(0.0) Invocations
 + Level 1.1(0.0) Evocations


You had 11 spell levels left.
You knew the following spells:

 Your Spells              Type           Power        Failure   Level  Hunger
a - Magic Dart            Conj           #...         100%        1    ##.....


Dungeon Overview and Level Annotations

Branches:
Dungeon (11/15)            Temple (0/1) D:6            Lair (2/6) D:9
  Swamp: Lair:2-4    Shoals: Lair:2-4     Snake: Lair:2-4    Spider: Lair:2-4
    Orc: D:9-12

Altars:
Cheibriados
Dithmenos
Elyvilon
Gozag
Hepliaklqana
Nemelex Xobeh
Okawaru
Qazlal
Ru
Trog
Uskayaw
Vehumet
Yredelemnul
Zin

Shops:
D:9 :

Annotations:
Lair:2 Sonja


Message History

Sonja looks slightly unstable.
The porcupine moves out of view.
Unknown command.
You feel yourself speed up.
You feel sick.
Sonja gibbers meaninglessly.
You see here 4 curare-tipped needles.
Sonja appears out of thin air!
Sonja tries to recover her lost courage.
You feel sick.
You feel sick.
Your hands slow down.
You feel like a meek peon again.
You feel sick.
Sonja shouts!
Sonja gestures wildly while chanting.
Sonja blinks!
You feel sick.
You are no longer poisoned.
Sonja zaps a wand.
The bolt of lightning hits you!
You die...

###..##.........#..##
###...###.......# ..
##....####...#........
#.....#..............
#.....P..K....[......
###..................
#......[...........
##..........ยง......
###...@...####....P# #
#####....#.....#
#...##
#.#....#..##.....#
#..#
#........#.....#....
##
#....<..P##.##......
#....P......###.....#
#####.>..#### ##....
#P#.## .# #####


You could see Sonja.

Vanquished Creatures
  Fannar (D:11)
  A two-headed ogre (D:9)
  The ghost of Frank the Covert, a novice OpMo of Gozag (D:7)
  Joseph (D:7)
  3 trolls
  A queen bee (D:9)
  A hippogriff (D:7)
  Grinder (D:5)
  A spriggan (D:7)
  18 yaks
  A wyvern (D:10)
  A wraith (D:11)
  2 hungry ghosts
  Edmund (D:5)
  2 water moccasins
  3 porcupines
  2 ice beasts
  2 orc warriors
  2 black bears
  A phantom (D:9)
  8 ogres
  A crocodile (Lair:1)
  A big kobold (D:9)
  9 bullfrogs
  Dowan (D:6)
  A water moccasin zombie (D:10)
  3 scorpions
  23 killer bees
  The ghost of ThereIsNoGod the Chiller, a weakling DrIE (D:3)
  4 wights (D:9)
  3 howler monkeys
  4 crimson imps
  2 quasits
  3 centaur zombies (Ossuary)
  6 hounds
  A bullfrog skeleton (D:5)
  3 orc priests
  2 iguanas
  4 centaur skeletons
  6 worker ants
  Ijyb (D:5)
  8 orc wizards
  2 killer bee zombies
  A big kobold zombie (Ossuary)
  2 mummies (Ossuary)
  5 adders
  4 shadow imps
  An ooze (D:6)
  2 adder skeletons (D:8)
  2 adder zombies
  6 dart slugs
  8 leopard geckos
  18 orcs
  A ball python (D:2)
  6 bats
  5 giant cockroaches
  2 goblins
  7 hobgoblins
  11 jackals
  13 kobolds
  7 quokkas
  6 frilled lizards
  3 goblin zombies (Ossuary)
  7 hobgoblin zombies (Ossuary)
  A jackal zombie (Ossuary)
  8 kobold zombies (Ossuary)
  A leopard gecko skeleton (D:5)
  11 orc zombies (Ossuary)
  A quokka skeleton (D:9)
  2 rats
  2 rat zombies (Ossuary)
  A spectral orc (D:4)
  A butterfly (D:6)
288 creatures vanquished.

Vanquished Creatures (others)
  An orc wizard (D:7)
  3 orcs (D:7)
  A fungus (Lair:1)
5 creatures vanquished.

Grand Total: 293 creatures vanquished

Notes
Turn   | Place    | Note
-------+----------+-------------------------------------------
     0 | D:1      | dvd the Merfolk Gladiator began the quest for the Orb.
     0 | D:1      | Reached XP level 1. HP: 16/16 MP: 1/1
    54 | D:1      | Reached XP level 2. HP: 2/23 MP: 2/2
   534 | D:1      | Reached XP level 3. HP: 21/28 MP: 3/3
   537 | D:1      | Reached skill level 5 in Polearms
  1065 | D:2      | Found an iron altar of Okawaru.
  1077 | D:2      | Reached XP level 4. HP: 34/34 MP: 4/4
  1088 | D:2      | Became a worshipper of Warmaster Okawaru
  1342 | D:2      | Found a sacrificial altar of Ru.
  1853 | D:3      | Found a glowing silver altar of Zin.
  1866 | D:3      | Noticed ThereIsNoGod's ghost (weakling DrIE)
  1893 | D:3      | Killed ThereIsNoGod's ghost
  1893 | D:3      | Reached skill level 6 in Polearms
  1893 | D:3      | Reached skill level 1 in Stealth
  1893 | D:3      | Reached XP level 5. HP: 25/41 MP: 5/5
  1984 | D:3      | Found a snail-covered altar of Cheibriados.
  2398 | D:4      | Reached skill level 7 in Polearms
  2398 | D:4      | Reached skill level 1 in Armour
  2398 | D:4      | Reached skill level 5 in Dodging
  2406 | D:4      | Noticed an ogre
  2495 | D:4      | Reached XP level 6. HP: 43/47 MP: 6/6
  2574 | D:4      | Reached * piety under Okawaru
  2844 | D:4      | Reached XP level 7. HP: 52/52 MP: 4/7
  2851 | D:4      | Reached skill level 8 in Polearms
  3298 | D:4      | Found a basalt altar of Yredelemnul.
  3367 | D:5      | Entered Level 5 of the Dungeon
  3512 | D:5      | Noticed Ijyb
  3541 | D:5      | Killed Ijyb
  3643 | D:5      | Reached skill level 9 in Polearms
  3818 | D:5      | Reached ** piety under Okawaru
  3931 | D:5      | Found a white marble altar of Elyvilon.
  3944 | D:5      | Reached XP level 8. HP: 54/60 MP: 8/8
  4011 | D:5      | Noticed Edmund
  4022 | D:5      | Killed Edmund
  4042 | D:5      | Found an opulent altar of Gozag.
  4120 | D:5      | Reached skill level 10 in Polearms
  4340 | D:5      | Got a bloodstained great sword
  4417 | D:5      | Noticed Grinder
  4431 | D:5      | Killed Grinder
  4571 | D:5      | Reached skill level 5 in Fighting
  4616 | D:6      | Found a staircase to the Ecumenical Temple.
  4693 | D:6      | Found a sand-covered staircase.
  4700 | Ossuary  | Entered an ossuary
  4826 | Ossuary  | Reached skill level 11 in Polearms
  5115 | D:6      | Found a radiant altar of Vehumet.
  5115 | D:6      | Found a stormy altar of Qazlal.
  5149 | D:6      | Reached XP level 9. HP: 67/68 MP: 9/9
  5259 | D:6      | Noticed Duvessa
  5273 | D:6      | Noticed Dowan
  5341 | D:6      | Noticed Duvessa
  5341 | D:6      | Duvessa changed into Duvessa the porcupine
  5344 | D:6      | Killed Duvessa the porcupine
  5344 | D:6      | Reached *** piety under Okawaru
  5344 | D:6      | Reached skill level 1 in Invocations
  5365 | D:6      | Killed Dowan
  5654 | D:7      | Reached skill level 12 in Polearms
  5666 | D:7      | Noticed Frank's ghost (novice OpMo)
  5689 | D:7      | Killed Frank's ghost
  5689 | D:7      | Reached **** piety under Okawaru
  5785 | D:7      | Noticed Joseph
  5796 | D:7      | Reached skill level 13 in Polearms
  5835 | D:7      | Killed Joseph
  5835 | D:7      | Reached skill level 1 in Evocations
  6120 | D:7      | Found a hide-covered altar of Uskayaw.
  6206 | D:7      | Reached XP level 10. HP: 44/77 MP: 11/11
  6223 | D:7      | Got a pitted whip
  6224 | D:7      | Identified the cursed +0 whip "Degeimaw" {slash, rC+ MR- Str+2 Int+8} (You found it on level 7 of the Dungeon)
  6230 | D:7      | Identified the cursed +3 great sword of dvd's Dismemberment {vamp, Fragile MR++ Str+8 Dex-3} (You found it on level 5 of the Dungeon)
  6609 | D:7      | Found a sparkling altar of Nemelex Xobeh.
  6988 | D:8      | Reached skill level 14 in Polearms
  7019 | D:8      | Reached ***** piety under Okawaru
  7260 | D:8      | Reached skill level 5 in Stealth
  7633 | D:9      | Noticed a two-headed ogre
  7699 | D:9      | Killed a two-headed ogre
  7714 | D:9      | Found a staircase to the Lair.
  7730 | D:10     | Entered Level 10 of the Dungeon
  8155 | D:10     | Received a gift from Okawaru
  8229 | D:10     | Reached XP level 11. HP: 86/86 MP: 10/12
  8416 | D:10     | Reached skill level 15 in Polearms
  9220 | D:9      | Found Miepp's Book Boutique.
  9317 | D:9      | Found a bloodstained altar of Trog.
  9492 | D:9      | Learned a level 1 spell: Magic Dart
  9588 | D:9      | Found a hazy altar of Hepliaklqana.
  9894 | D:10     | Found a shadowy altar of Dithmenos.
 10619 | D:11     | Noticed Fannar
 10646 | D:11     | Killed Fannar
 10928 | D:11     | Reached skill level 10 in Dodging
 11230 | Lair:1   | Entered Level 1 of the Lair of Beasts
 11389 | Lair:1   | Got an ancient chain mail
 11405 | Lair:1   | Identified the +6 chain mail "Ajol" {*Contam *Slow MR+ Dex+7} (You found it on level 1 of the Lair of Beasts)
 12022 | Lair:1   | Reached skill level 10 in Fighting
 12076 | Lair:1   | Reached skill level 16 in Polearms
 12076 | Lair:1   | Reached XP level 12. HP: 97/97 MP: 14/14
 12244 | Lair:2   | Noticed Sonja
 12291 | Lair:2   | Killed from afar by Sonja

Skill      XL: |  1  2  3  4  5  6  7  8  9 10 11 |
---------------+----------------------------------+-----
Polearms       | 5 6 7 9 11 13 14 16 | 16.0
Fighting       | 3 4 5 6 8 10 | 10.1
Stealth        | 1 2 3 4 7 8 |  8.6
Armour         | 1 2 3 |  3.7
Dodging        | 5 6 7 8 10 | 10.1
Invocations    | 1 2 3 |  3.2
Evocations     | 1 |  1.1
Throwing       | |  2.0
Spellcasting   | |  0.5
Conjurations   | |  0.1

Action                   |  1- 3 |  4- 6 |  7- 9 | 10-12 || total
-------------------------+-------+-------+-------+-------++-------
Melee: Trident           |   122 |   166 |   518 |   733 ||  1539
       Punch             |       |       |     2 |    13 ||    15
Throw: Throwing net      |       |     1 |     1 |       ||     2
       Javelin           |       |       |       |     4 ||     4
       Tomahawk          |       |       |       |     2 ||     2
 Cast: Magic Dart        |       |       |       |     6 ||     6
Invok: Heroism           |       |     2 |    10 |    22 ||    34
       Finesse           |       |       |       |     1 ||     1
Evoke: Wand              |       |       |     2 |       ||     2
  Use: Scroll            |       |       |    12 |     4 ||    16
       Potion            |       |       |     7 |     4 ||    11
 Stab: Sleeping          |     1 |     5 |     5 |    19 ||    30
       Held in net/web   |       |       |     1 |       ||     1
       Distracted        |       |       |       |     1 ||     1
  Eat: Chunk             |     1 |     5 |    11 |    20 ||    37
       Fruit             |       |       |       |     1 ||     1
Armor: Leather armour    |    18 |    22 |    72 |    83 ||   195
       Chain mail        |       |       |       |    24 ||    24
Dodge: Dodged            |    74 |   104 |   300 |   475 ||   953
